 Dungeon Crawl Stone Soup version 0.24-a0-784-g601f8f6d22 (webtiles) character file.

Game seed: 9653970475486088081, levelgen mode: deterministic

40 MisterFreud the Changer (level 3, -3/23 HPs)
             Began as an Octopode Transmuter on Oct 9, 2019.
             Slain by a worm (7 damage)
             ... on level 2 of the Dungeon.
             The game lasted 00:02:09 (1549 turns).

MisterFreud the Changer (Octopode Transmuter)       Turns: 1549, Time: 00:02:09

Health: -3/23      AC:  1    Str:  9    XL:     3   Next: 50%
Magic:  6/6        EV: 13    Int: 16    God:
Gold:   92         SH:  0    Dex: 12    Spells: 4/7 levels left

rFire    . . .     SeeInvis .     - Unarmed
rCold    . . .     Gourm    .   (no shield)
rNeg     . . .     Faith    .   (helmet restricted)
rPois    .         Spirit   .   (no amulet)
rElec    .         Reflect  .   (no ring)
rCorr    .         Harm     .   (no ring)
MR       .....                  (no ring)
Stlth    ++........             (no ring)
HPRegen  0.07/turn              (no ring)
MPRegen  0.10/turn              (no ring)
                                (no ring)
                                (no ring)

@: no status effects
A: almost no armour, stealthy swim, amphibious, 8 rings, constrict 8, camouflage
1, gelatinous body 1
a: no special abilities


You were on level 2 of the Dungeon.
You were not hungry.

You visited 1 branch of the dungeon, and saw 2 of its levels.

You collected 92 gold pieces.

Inventory:

Missiles
 a - 50 arrows
 e - 6 large rocks
 j - 25 stones (quivered)
 l - 15 sling bullets
Jewellery
 g - a cursed -5 ring of intelligence {unknown}
Scrolls
 b - a scroll of fear {unknown}
 k - a scroll of magic mapping {unknown}
 m - 2 scrolls of random uselessness {unknown}
Potions
 d - a potion of haste {unknown}
 f - 2 potions of heal wounds {unknown}
 h - a potion of curing {unknown}
 i - a potion of magic {unknown}
 n - a potion of degeneration {unknown}
 p - 2 potions of might {unknown}
Comestibles
 c - 3 rations
 o - 4 chunks of flesh


   Skills:
 - Level 1.0 Fighting
 - Level 2.0 Dodging
 - Level 3.0 Unarmed Combat
 + Level 2.5 Spellcasting
 * Level 3.3 Transmutations


You had 4 spell levels left.
You knew the following spells:

 Your Spells              Type           Power        Failure   Level  Hunger
a - Beastly Appendage     Tmut           ##....       4%          1    #......
b - Sticks to Snakes      Tmut           ##......     8%          2    ##.....

Your spell library contained the following spells:

 Spells                   Type           Power        Failure   Level  Hunger
 Spider Form              Tmut/Pois      #.........   30%         3    ###....
 Ice Form                 Ice/Tmut       #.......     69%         4    #####..
 Blade Hands              Tmut           ##........   80%         5    ######.


Dungeon Overview and Level Annotations

Branches:
Dungeon (2/15)

Altars:


Innate Abilities, Weirdness & Mutations

You cannot wear most types of armour.
You are very stealthy in the water. (Stealth+)
You are amphibious.
You can wear up to eight rings at the same time.
You can use your tentacles to constrict eight enemies at once.
Your skin changes colour to match your surroundings (Stealth+).
Your rubbery body absorbs attacks. (AC +1, EV +1)


Message History

Found a whip.
There is an open door here.
You tentacle-slap the worm. You grab the worm.
The worm is lightly wounded.
You constrict the worm. The worm bites you!
You tentacle-slap the worm but do no damage.
The worm is lightly wounded.
You constrict the worm. You tentacle-slap the worm.
The worm is moderately wounded.
You constrict the worm. The worm bites you!
* * * LOW HITPOINT WARNING * * *
You tentacle-slap the worm but do no damage.
You tentacle-slap the worm.
The worm is moderately wounded.
You constrict the worm. You tentacle-slap the worm.
The worm is severely wounded.
You constrict the worm. The worm bites you!
You die...

....≈≈§§§§§§....# #
...≈≈≈≈≈§§§§§..... #^
#..≈≈≈≈≈§.§.....##
#.###.≈≈≈≈≈≈§§...§§...
#...#..≈≈≈≈..§§.≈§≈...
#.......≈≈......§≈≈..#
#......#.?..##.#######
#....w.#w #.# #....@.#
#.# #......#######.#
#.)....'.......#
###?...#########
#....# #....# #.####
#) #.


You could see a worm.

Vanquished Creatures
  Robin (D:2)
  2 leopard geckos
  11 goblins
  3 hobgoblins
  2 jackals (D:1)
  A ball python (D:1)
  2 bats
  2 frilled lizards (D:1)
  A kobold (D:1)
  2 rats (D:1)
27 creatures vanquished.

Vanquished Creatures (others)
  Jessica (D:2)
  4 goblins (D:2)
  A quokka (D:2)
6 creatures vanquished.

Grand Total: 33 creatures vanquished

Notes
Turn   | Place    | Note
-------+----------+-------------------------------------------
     0 | D:1      | MisterFreud the Octopode Transmuter began the quest for the
                  | Orb.
     0 | D:1      | Reached XP level 1. HP: 13/13 MP: 3/3
     3 | D:1      | Noticed an electric eel
     3 | D:1      | Noticed an electric eel
   239 | D:1      | Reached XP level 2. HP: 14/18 MP: 5/5
   718 | D:2      | Noticed Jessica
   718 | D:2      | Noticed Robin
   730 | D:1      | Learned a level 2 spell: Sticks to Snakes
   899 | D:2      | Killed Jessica
   961 | D:2      | Killed Robin
   961 | D:2      | Reached XP level 3. HP: 6/23 MP: 3/6
  1549 | D:2      | Slain by a worm

Levels and vault maps discovered:
D:1:      arrival_aquarium_b, layout_basic
D:2:      layout_basic, lemuel_old_faithful, uniq_jessica, uniq_robin

Skill      XL: |  1  2 |
---------------+-------+-----
Transmutations | 3 |  3.3
Fighting       | |  1.0
Dodging        | |  2.0
Unarmed Combat | |  3.0
Spellcasting   | |  2.5

Action                   || total
-------------------------++-------
Melee: Unarmed           ||    64
       Constrict         ||    19
       Tentacles         ||    10
       Kick              ||     1
       Punch             ||     1
 Cast: Beastly Appendage ||     1
 Stab: Sleeping          ||     4
       Distracted        ||     1
  Eat: Chunk             ||     2
Armor: Skin              ||     2
Dodge: Dodged            ||    35

Table legend:
 A = Non-vault XP
 B = Vault XP
 C = Vault XP percentage of total XP
 D = Non-vault monster count
 E = Vault monster count
 F = Vault count percentage of total count
                 A         B        C        D         E       F
            +---------+---------+-------+---------+---------+-------
      Total |      32 |      26 |  44.8 |      19 |       8 |  29.6
            +---------+---------+-------+---------+---------+-------
        D:1 |      23 |       1 |   4.2 |      15 |       1 |   6.2
        D:2 |       9 |      25 |  73.5 |       4 |       7 |  63.6
            +---------+---------+-------+---------+---------+-------
